 Dungeon Crawl Stone Soup version 0.30-a0-778-g2ef04afb54 (webtiles) character file.

Game seed: 684439636839089789

196 Esekla the Sneak (level 5, -1/36 HPs)
             Began as an Octopode Delver on Feb 16, 2023.
             Slain by a phantom (3 damage)
             ... on level 6 of the Dungeon.
             The game lasted 00:09:14 (938 turns).

Esekla the Sneak (Octopode Delver)                   Turns: 938, Time: 00:09:14

Health: -1/36      AC:  1    Str: 11    XL:     5   Next: 74%
Magic:  6/6        EV: 13    Int: 15    God:
Gold:   106        SH:  0    Dex: 13    Spells: 6/6 levels left

rFire   . . .      SeeInvis .    a - +0 falchion
rCold   + . .      Faith    .    (no shield)
rNeg    + . .      Spirit   .    (helmet restricted)
rPois   .          Reflect  .    (no amulet)
rElec   .          Harm     .    j - ring of positive energy
rCorr   .          Rampage  .    m - ring of protection from cold
Will    .....                    (no ring)
Stlth   +++++                    (no ring)
HPRegen 0.26/turn                (no ring)
MPRegen 0.10/turn                (no ring)
                                 (no ring)
                                 (no ring)

@: no status effects
A: almost no armour, amphibious, 8 rings, camouflage 1, gelatinous body 1,
(nimble swimmer 1), tentacles
a: no special abilities


You were on level 6 of the Dungeon.
You visited 1 branch of the dungeon, and saw 3 of its levels.

You collected 106 gold pieces.

Inventory:

Hand Weapons
 a - a +0 falchion (weapon)
 s - a +0 dagger
Missiles
 c - 2 poisoned darts (quivered)
Jewellery
 j - a ring of positive energy (left tentacle)
 m - a ring of protection from cold (right tentacle)
 n - a ring of fire
Wands
 f - a wand of digging (3)
 h - a wand of roots (6)
Scrolls
 b - a scroll of fog
 g - 3 scrolls of teleportation {unknown}
 k - a scroll of immolation {unknown}
 l - 2 scrolls of blinking {unknown}
 p - a scroll of vulnerability {unknown}
Potions
 d - a potion of attraction {unknown}
 e - a potion of haste
 i - a potion of resistance {unknown}
 o - a potion of curing {unknown}
 q - a potion of invisibility {unknown}


   Skills:
 * Level 3.5 Fighting
 * Level 3.8 Long Blades
 * Level 2.6 Dodging
 + Level 7.7 Stealth
 * Level 1.2 Spellcasting


You had 6 spell levels left.
You didn't know any spells.
Your spell library was empty.

Dungeon Overview and Level Annotations

Branches:
Dungeon (6/15)
 Temple: D:4-7

Altars:
Dithmenos
Xom

Shops:
D:5 =*

Annotations:
D:4 Natasha


Innate Abilities, Weirdness & Mutations

You cannot wear most types of armour.
You are amphibious.
You can wear up to eight rings at the same time.
Your skin changes colour to match your surroundings (Stealth+).
Your rubbery body absorbs attacks. (AC +1, EV +1)
((You are camouflaged when in or above water. (Stealth+)))
You have tentacles for arms and can constrict up to eight enemies at once.


Message History

The phantom is moderately damaged.
The phantom misses you.
You hit the phantom.
The phantom is moderately damaged.
The phantom barely misses you. The phantom hits you!
The phantom blinks!
You blink.
You closely miss the phantom.
The phantom is moderately damaged.
The phantom closely misses you.
You closely miss the phantom.
The phantom is moderately damaged.
The phantom hits you.
You hit the phantom.
The phantom is moderately damaged.
The phantom hits you.
You hit the phantom. Your squeeze misses the phantom.
The phantom is heavily damaged.
The phantom hits you.
The phantom blinks!
You blink.
You hit the phantom.
The phantom is severely damaged.
The phantom hits you.
The phantom blinks!
You blink.
You miss the phantom. Your squeeze misses the phantom.
The phantom is severely damaged.
The phantom hits you.
* * * LOW HITPOINT WARNING * * *
You hit the phantom. Your squeeze misses the phantom.
The phantom is almost destroyed.
The phantom hits you!
* * * LOW HITPOINT WARNING * * *
The phantom blinks!
You blink.
You closely miss the phantom. Your squeeze misses the phantom.
The phantom is almost destroyed.
The phantom completely misses you.
You barely miss the phantom.
The phantom is almost destroyed.
The phantom completely misses you.
You miss the phantom.
The phantom is almost destroyed.
The phantom barely misses you. The phantom hits you.
You die...

# ##+## #..... #
####.# ##
####.####### #.# .
..........ยง# .# #
###....####.# .#
###.#.... #.# c#
...#.....## #.# .#
###.[.....###.#####.#
# #..##.......@W?.# #
#.........#######
######.########
.......# ########


You could see a phantom.

Vanquished Creatures
  A scorpion (D:6)
  A howler monkey (D:4)
  2 iguanas
  An adder (D:5)
  5 dart slugs
  8 orcs
  A ball python (D:4)
  A giant cockroach (D:4)
  A hobgoblin (D:4)
21 creatures vanquished.

Notes
Turn   | Place    | Note
-------+----------+-------------------------------------------
     0 | D:5      | Esekla the Octopode Delver began the quest for the Orb.
     0 | D:5      | Reached XP level 1. HP: 16/16 MP: 1/1
    49 | D:5      | Found Assevuex's Gadget Gallery.
    56 | D:5      | Found a shimmering altar of Xom.
   118 | D:5      | Reached skill level 7 in Stealth
   118 | D:5      | Reached XP level 2. HP: 17/21 MP: 2/2
   137 | D:5      | Found Nat Jiog's One-of-a-Kind Rings.
   291 | D:5      | Found a shadowy altar of Dithmenos.
   291 | D:5      | Noticed a necrophage
   308 | D:5      | Noticed an ogre
   348 | D:4      | Reached XP level 3. HP: 26/26 MP: 3/3
   449 | D:4      | Noticed Natasha
   498 | D:4      | Reached skill level 1 in Spellcasting
   498 | D:4      | Reached XP level 4. HP: 31/31 MP: 5/5
   803 | D:6      | Noticed a scorpion
   806 | D:6      | Reached XP level 5. HP: 36/36 MP: 6/6
   869 | D:6      | Noticed an ogre
   900 | D:6      | Noticed a phantom
   924 | D:6      | Noticed a centaur
   935 | D:6      | HP: 1/36 [phantom (8)]
   938 | D:6      | Slain by a phantom

Illustrated notes

Levels and vault maps discovered:
D:4:      kennysheep_slugbush, layout_cave_pools, serial_column_ruins,
          column_ruins_grid_3, column_ruins_open_medium,
          column_ruins_columns_straight, column_ruins_open_small,
          column_ruins_open_tiny, uniq_natasha
D:5:      layout_loops_ring, xom_teletrap_fun, mainiacjoe_overflow_chevrons,
          nicolae_shop_unique_rings, nicolae_shop_gadgets
D:6:      layout_loops_corners, general_overflow_altar, old_standard_altar,
          temple_statues

Skill      XL: |  1  2  3  4 |
---------------+-------------+-----
Stealth        | 7 |  7.7
Spellcasting   | 1 |  1.2
Long Blades    | 3 |  3.8
Fighting       | |  3.5
Dodging        | |  2.6

Action                     |  1- 3 |  4- 6 || total
---------------------------+-------+-------++-------
  Melee: Falchion          |    20 |    28 ||    48
         Constrict         |     8 |     5 ||    13
         Tentacles         |     7 |     7 ||    14
         Punch             |     1 |       ||     1
         Dagger            |     4 |     7 ||    11
    Use: Scroll            |     1 |     1 ||     2
   Stab: Sleeping          |     4 |     4 ||     8
 Armour: Skin              |     1 |     2 ||     3
  Dodge: Dodged            |    11 |    19 ||    30

Table legend: (Time is in decaauts)
 A = Elapsed time spent in this place.
 B = Non-inter-level travel time spent in this place.
 C = Inter-level travel time spent in this place.
 D = Time resting spent in this place.
 E = Time spent auto-exploring this place.
 F = Levels seen in this place.
 G = Mean time per level.
                   A        B        C        D        E       F      G
               +--------+--------+--------+--------+--------+-----+--------+
         Total |    939 |    939 |      0 |    128 |     16 |   3 |  313.0 |
       Dungeon |    939 |    939 |      0 |    128 |     16 |   3 |  313.0 |
               +--------+--------+--------+--------+--------+-----+--------+

Top non-repeatable levels by time:
     D:4: 433 daAuts
     D:5: 370 daAuts
     D:6: 135 daAuts
